 Dungeon Crawl Stone Soup version 0.21-a0-258-g4c0eb85 (webtiles) character file.

1214 Evilsethoss the Cudgeler (level 8, -3/79 HPs)
             Began as a Troll Berserker on Sept 6, 2017.
             Was a Believer of Trog.
             Slain by an orc
             ... wielding a cursed -1 trident
              (5 damage)
             ... on level 7 of the Dungeon.
             The game lasted 00:28:18 (4482 turns).

Evilsethoss the Cudgeler (Troll Berserker)          Turns: 4482, Time: 00:28:19

Health: -3/79      AC:  6    Str: 28    XL:     8   Next: 22%
Magic:  7/7        EV: 11    Int:  3    God:    Trog [**....]
Gold:   198        SH:  0    Dex:  9    Spells: 7/7 levels left

rFire    + . .     SeeInvis .   a - +0 mace
rCold    . . .     Gourm    +   (no shield)
rNeg     . . .     Faith    .   b - +0 animal skin
rPois    .         Spirit   .   s - +1 hat
rElec    .         Reflect  .   (no cloak)
rCorr    .         Harm     .   (gloves unavailable)
MR       .....                  (boots unavailable)
Stlth    +.........             y - amulet of regeneration
HPRegen  1.03/turn              i - ring of protection from fire
MPRegen  0.10/turn              (no ring)

@: no status effects
A: unfitting armour, claws 3, fast metabolism 3, gourmand, regeneration 1,
shaggy fur 1, tough skin 2
a: Berserk, Trog's Hand, Burn Spellbooks, Renounce Religion


You were on level 7 of the Dungeon.
You worshipped Trog.
Trog was pleased with you.
You were not hungry.

You visited 1 branch of the dungeon, and saw 7 of its levels.

You collected 198 gold pieces.

Inventory:

Hand Weapons
 a - a +0 mace (weapon)
 u - a +0 vampiric dagger
 B - a +2 spear of venom
Missiles
 A - 8 needles of confusion (quivered)
Armour
 b - a +0 animal skin (worn)
 s - a +1 hat (worn)
 w - a +0 helmet
Jewellery
 i - a ring of protection from fire (left claw)
 y - an amulet of regeneration (around neck)
Wands
 t - a wand of polymorph (12/24)
Scrolls
 j - 4 scrolls of teleportation
 k - a scroll of enchant weapon {unknown}
 n - 5 scrolls of identify {unknown}
 q - a scroll of noise {unknown}
 r - 3 scrolls of remove curse {unknown}
 z - a scroll of random uselessness {unknown}
Potions
 d - 3 potions of flight {unknown}
 e - 2 potions of degeneration {unknown}
 f - a potion of resistance {unknown}
 g - 2 potions of heal wounds {unknown}
 h - 3 potions of cancellation {unknown}
 l - a potion of invisibility {unknown}
 m - 2 potions of curing {unknown}
 p - 3 potions of mutation {unknown}
 v - a potion of magic {unknown}
 x - a potion of brilliance {unknown}
 D - a potion of ambrosia {unknown}
Comestibles
 c - 8 bread rations
 o - 2 meat rations
 C - 2 royal jellies
 E - 2 chunks of flesh


   Skills:
 + Level 4.5 Fighting
 + Level 6.6 Maces & Flails
 + Level 5.0 Dodging
 + Level 1.0 Stealth


You had 7 spell levels left.
You didn't know any spells.

Dungeon Overview and Level Annotations

Branches:
Dungeon (7/15)
 Temple: D:4-7

Altars:
Ashenzari
Vehumet
The Shining One


Innate Abilities, Weirdness & Mutations

You are too large for most types of armour.
You have claws for hands.
Your metabolism is lightning-fast.
You like to eat raw meat.
Your natural rate of healing is unusually fast.
You are covered in fur. (AC +1)
You have very tough skin. (AC +2)


Message History

An orc comes into view. It is wielding a trident.
An orc comes into view.
An orc wizard comes into view. It is wielding a dagger of venom.
The orc wizard shouts!
The orc shouts!
The orc warrior hits you with a war axe!
The orc shouts!
You thump the orc warrior!
The orc warrior is moderately wounded.
The orc warrior hits you with a war axe!
The orc closely misses you.
You hit the orc warrior but do no damage.
The orc warrior is moderately wounded.
The orc warrior completely misses you.
The orc hits you from afar with a trident.
You closely miss the orc warrior.
The orc warrior is moderately wounded.
The orc warrior hits you with a war axe!!
* * * LOW HITPOINT WARNING * * *
The orc hits you from afar with a trident.
You die...

# #.#...... #.
#.#......
#.######.#....<.
#.##...............
........###......#
#......#####
#.###[.# #.# #..#
#@# #..# #o#
#......... #o#
##.#####.# #o# #.#
.o# #.. #.# ####
#.# #.#


You could see an orc warrior, an orc wizard and 2 orcs.

Vanquished Creatures
  An ice beast (D:7)
  An ogre (D:4)
  A phantom (D:6)
  8 bullfrogs
  3 hounds
  A jelly (D:4)
  3 orc wizards
  5 worker ants
  4 adders
  A worm (D:2)
  A dart slug (D:1)
  4 leopard geckos
  10 orcs
  3 ball pythons
  8 giant cockroaches
  6 hobgoblins
  2 jackals (D:2)
  A quokka (D:3)
  2 bats
  6 frilled lizards
  8 goblins
  8 kobolds
  A quokka zombie (D:6)
  5 rats
93 creatures vanquished.

Notes
Turn   | Place    | Note
-------+----------+-------------------------------------------
     0 | D:1      | Evilsethoss the Troll Berserker began the quest for the Orb.
     0 | D:1      | Reached XP level 1. HP: 22/22 MP: 0/0
   190 | D:1      | Reached XP level 2. HP: 23/29 MP: 1/1
   642 | D:1      | Reached skill level 3 in Maces & Flails
   876 | D:2      | Reached XP level 3. HP: 21/36 MP: 2/2
  1556 | D:3      | Reached ** piety under Trog
  1803 | D:3      | Found a shattered altar of Ashenzari.
  1816 | D:3      | Reached XP level 4. HP: 30/44 MP: 3/3
  1914 | D:3      | Reached skill level 4 in Maces & Flails
  2019 | D:3      | Reached XP level 5. HP: 49/53 MP: 4/4
  2051 | D:3      | Found a glowing golden altar of the Shining One.
  2371 | D:4      | Noticed an ogre
  2379 | D:4      | Killed an ogre
  2379 | D:4      | Reached XP level 6. HP: 51/61 MP: 5/5
  2891 | D:4      | Found a radiant altar of Vehumet.
  3064 | D:5      | Entered Level 5 of the Dungeon
  3105 | D:5      | Reached skill level 5 in Maces & Flails
  3575 | D:5      | Paralysed by fainting for 10 turns
  3723 | D:5      | Reached XP level 7. HP: 49/68 MP: 6/6
  4177 | D:6      | Reached skill level 6 in Maces & Flails
  4201 | D:6      | Reached skill level 1 in Stealth
  4305 | D:6      | Reached XP level 8. HP: 78/78 MP: 7/7
  4466 | D:7      | Reached skill level 5 in Dodging
  4482 | D:7      | HP: 2/79 [orc warrior/war axe (24)]
  4482 | D:7      | Slain by an orc

Vault maps used:
D:1:      onia_arrival_mini_maze
D:2:      first_bread
D:3:      cheibrodos_ashenzari_chains, serial_glass, glass_columns_c,
          glass_columns_a, mrwooster_statue_mirror, nicolae_tso_carved_into_rock
D:4:      fiery_altar_vehumet, serial_co_window_serial, co_window_corner_a,
          co_window_paths_a, co_window_paths_a, co_window_paths_a,
          co_window_paths_a, co_window_broadway_a, co_window_unsneaky_path_c,
          co_window_broadway_b, co_window_corner_b, glass_columns_b,
          glass_columns_a, glass_columns_c, glass_columns_c
D:5:      nemelex_xobeh_ov_fountains_minmay, lemuel_doored_altar,
          minmay_temple_entry_steel_oval, roderic_lattice_a
D:7:      lemuel_coloured_pillars_altar, grunt_ogre_cave

Skill      XL: |  1  2  3  4  5  6  7  8 |
---------------+-------------------------+-----
Maces & Flails | 3 4 5 6 |  6.6
Dodging        | 3 4 5 |  5.0
Fighting       | 3 4 |  4.5
Stealth        | 1 |  1.0

Action                   |  1- 3 |  4- 6 |  7- 9 || total
-------------------------+-------+-------+-------++-------
Melee: Mace              |   148 |   139 |   120 ||   407
Invok: Trog's Hand       |       |     2 |       ||     2
       Berserk           |       |     1 |       ||     1
  Use: Scroll            |       |     1 |     1 ||     2
  Eat: Chunk             |    12 |     8 |     3 ||    23
       Bread ration      |     1 |     1 |     1 ||     3
       Meat ration       |       |     1 |       ||     1
Armor: Animal skin       |    73 |    76 |    28 ||   177
Dodge: Dodged            |   106 |   161 |    80 ||   347

Table legend:
 A = Spawn XP
 B = Non-spawn XP
 C = Spawn XP percentage of total XP
 D = Spawn monster count
 E = Non-spawn monster count
 F = Spawn count percentage of total count
 G = Total turns spent on level
                    A         B        C        D         E        F      G
               +---------+---------+-------+---------+---------+-------+---------
         Total |       0 |    1735 |   0.0 |       0 |      93 |   0.0 |  4482
               +---------+---------+-------+---------+---------+-------+---------
           D:1 |       0 |      22 |   0.0 |       0 |      12 |   0.0 |   660
           D:2 |       0 |      38 |   0.0 |       0 |      15 |   0.0 |   798
           D:3 |       0 |     145 |   0.0 |       0 |      29 |   0.0 |   885
           D:4 |       0 |     315 |   0.0 |       0 |       9 |   0.0 |   721
           D:5 |       0 |     229 |   0.0 |       0 |      12 |   0.0 |   732
           D:6 |       0 |     729 |   0.0 |       0 |      12 |   0.0 |   639
           D:7 |       0 |     257 |   0.0 |       0 |       4 |   0.0 |    47
               +---------+---------+-------+---------+---------+-------+---------
